 Dungeon Sprint DCSS version 0.31-a0-868-g674d60d6f7 (webtiles) character file.

Game seed: 2472221387511324135

100 rocky1 the Ducker (level 5, -4/41 HPs)
             Began as a Djinni Gladiator on Oct 12, 2023.
             Was an Initiate of Gozag.
             Slain by Menkaure (17 damage)
             ... in the Dungeon (Sprint II: "The Violet Keep of Menkaure").
             The game lasted 00:01:06 (324 turns).

rocky1 the Ducker (Djinni Gladiator)                 Turns: 324, Time: 00:01:07

Health: -4/41      AC:  7    Str: 13    XL:     5   Next: 3%
Gold:   288        EV: 12    Int:  9    God:    Gozag SH:  0 Dex: 17

rFire   + + .        a - +0 long sword
rCold   x . .        (no shield)
rNeg    . . .        k - +0 scale mail
rPois   ∞            c - +0 helmet
rElec   .            (no cloak)
rCorr   .            (no gloves)
SInv    .            (boots unavailable)
Will    .....        (no amulet) Stlth
                     (no ring)
HPRegen 0.26/turn    (no ring)
MPRegen 0.00/turn

%: no teleportation, infuse magic (-5 HP)
@: flying
A: sickness immunity, fire resistance 2, cold vulnerability 1, float, innate
caster, HP casting, extra vitality 1
a: Renounce Religion, Potion Petition, Call Merchant, Bribe Branch


You were in the Dungeon.
You worshipped Gozag.
Gozag was aware of your devotion.
You visited 1 branch You collected 288 gold pieces.

Inventory:

Hand Weapons
 a - a +0 long sword (weapon)
 g - a +2 rapier of venom
Missiles
 d - 3 throwing nets (quivered)
 e - a javelin
Armour
 b - a +0 leather armour
 c - a +0 helmet (worn)
 k - a +0 scale mail (worn)
Scrolls
 j - a scroll of blinking
Potions
 f - a potion of curing
 h - a potion of haste
 i - a potion of berserk rage


   Skills:
 + Level 3.6 Fighting
 + Level 6.1 Long Blades
 + Level 2.2 Throwing
 + Level 1.6 Armour
 + Level 6.3 Dodging


You knew the following spells:

 Your Spells              Type           Power      Damage    Failure   Level
a - Necrotise             Necr           0%         1d4       88%         1
b - Jinxbite              Hex            0%         N/A       96%         2
Your spell library was empty.

Dungeon Overview and Level Annotations

Branches:
Dungeon (1/1)

Altars:
Cheibriados
Dithmenos
Elyvilon
Fedhas
Gozag
Hepliaklqana
Makhleb
Nemelex Xobeh
Okawaru
Qazlal
Ru
Trog
Uskayaw
Wu Jian
Xom
Yredelemnul
Zin
The Shining One
Jiyva
Lugonu

Shops:
D [[?[([[!:!=!:=

Annotations:
D exclusion: ice statue, Menkaure


Innate Abilities, Weirdness & Mutations

You are immune to sickness and miasma.
You are immune to poison.
Your flesh is very heat resistant. (rF++)
You are vulnerable to cold. (rC-)
You float through the air rather than walking.
You learn spells naturally, not from books.
Your magical power is your life essence.
You have superior vitality. (+4 MHP)


Message History

Found Jaokis's Jewellery Shoppe and Sevvim's Distillery.
Menkaure, Prince of Dust comes into view.
Found 81 gold pieces.
Menkaure shouts!
Menkaure mumbles some strange words.
Menkaure seems to speed up.
Menkaure calls on the powers of darkness!
Your body is wracked with pain!
Menkaure splashes around in the water.
You hit Menkaure.
Menkaure is lightly damaged.
Menkaure points at you and mumbles some strange words.
Pain shoots through your body!
You hit Menkaure but do no damage.
Menkaure is lightly damaged.
Menkaure misses you.
Menkaure splashes around in the water.
You hit Menkaure.
Menkaure is lightly damaged.
Menkaure closely misses you.
You hit Menkaure.
Menkaure is moderately damaged.
Menkaure calls on the powers of darkness!
Your body is wracked with pain!
* * * LOW HITPOINT WARNING * * *
You are too injured to fight recklessly!
You are too injured to fight recklessly!
You are too injured to fight recklessly!
You hit Menkaure but do no damage.
Menkaure is moderately damaged.
Menkaure mumbles drily.
Menkaure hits you but does no damage. Menkaure barely misses you.
You hit Menkaure but do no damage.
Menkaure is moderately damaged.
Menkaure points at you and mumbles some strange words.
You struggle to resist.
You hit Menkaure.
Menkaure is heavily damaged.
Menkaure hits you!
You die...
Your body crumbles into a pile of gold.

### ≈ #~## ≈≈
########~~#+++#
#######~~~....
...∩.∩#~~~~.#
.. ..∩.∩.#~~~M#
.####
.∩.∩..#~~@~#
...#
∩.∩...#~~###
###..##
.∩....#~##
#+###.##..#
∩.∩...#~#
##.##...#..#
.∩.∩..+~+
+.<.†##.'..###
..∩...#~#
##.##.###....#
▓▓▓▓###~##
#+###.##..§..
G######~~###
###~~.... $
##~~~#
#~~~§~~~.


You could see Menkaure (fast).

Vanquished Creatures
  A water moccasin (D)
  A scorpion (D)
  3 worms (D)
5 creatures vanquished.

Notes
Turn   | Place    | Note
-------+----------+-------------------------------------------
     0 | D        | rocky1 the Djinni Gladiator began the quest for the Orb.
     0 | D        | Reached XP level 1. HP: 18/18 MP: 0/0
    16 | D        | Reached XP level 2. HP: 23/23 MP: 0/0
    62 | D        | Noticed a water moccasin
    69 | D        | HP: 1/24 [water moccasin (8)]
    70 | D        | Killed a water moccasin
    71 | D        | Reached skill level 5 in Dodging
    71 | D        | Reached XP level 3. HP: 2/30 MP: 0/0
    71 | D        | Learned a level 1 spell: Necrotise
    71 | D        | Found a glowing golden altar of the Shining One.
    71 | D        | Found an ornate altar of the Wu Jian Council.
    72 | D        | Found a shimmering altar of Xom.
    72 | D        | Found a sacrificial altar of Ru.
    73 | D        | Found a basalt altar of Yredelemnul.
    73 | D        | Found a stormy altar of Qazlal.
    73 | D        | Found a viscous altar of Jiyva.
    74 | D        | Found a glowing silver altar of Zin.
    74 | D        | Found a bloodstained altar of Trog.
    75 | D        | Found a hide-covered altar of Uskayaw.
    75 | D        | Found a corrupted altar of Lugonu.
    75 | D        | Found a shadowy altar of Dithmenos.
    76 | D        | Found a burning altar of Makhleb.
    76 | D        | Found a white marble altar of Elyvilon.
    77 | D        | Found a sparkling altar of Nemelex Xobeh.
    77 | D        | Found a blossoming altar of Fedhas.
    79 | D        | Found an iron altar of Okawaru.
    79 | D        | Found an opulent altar of Gozag.
    79 | D        | Found a hazy altar of Hepliaklqana.
    79 | D        | Found a snail-covered altar of Cheibriados.
    82 | D        | Noticed a water moccasin
    83 | D        | Noticed a water moccasin
    86 | D        | Noticed a water moccasin
    88 | D        | Became a worshipper of Gozag Ym Sagoz the Greedy
    89 | D        | Noticed a flying skull
    89 | D        | Noticed a flying skull
   111 | D        | Noticed an ice statue
   135 | D        | Noticed a flying skull
   136 | D        | Noticed a flying skull
   136 | D        | Noticed a flying skull
   136 | D        | Noticed a flying skull
   136 | D        | Noticed a flying skull
   136 | D        | Noticed a flying skull
   137 | D        | Noticed a flying skull
   137 | D        | Noticed a flying skull
   137 | D        | Noticed a flying skull
   137 | D        | Noticed a flying skull
   137 | D        | Noticed a flying skull
   137 | D        | Noticed a flying skull
   143 | D        | Found Wawkomuo's Distillery.
   145 | D        | Found Podae's Book Shoppe.
   145 | D        | Found Zohouh's Distillery.
   145 | D        | Found Omotypye's Antique Armour Shoppe.
   146 | D        | Found Ryifod's Antique Weapon Emporium.
   146 | D        | Found Ciloufas's Antique Armour Shoppe.
   147 | D        | Noticed a scorpion
   163 | D        | Killed a scorpion
   164 | D        | Reached skill level 1 in Armour
   164 | D        | Reached XP level 4. HP: 3/37 MP: 0/0
   164 | D        | Reached XP level 5. HP: 4/41 MP: 0/0
   164 | D        | Learned a level 2 spell: Jinxbite
   309 | D        | Found Sumurr's Jewellery Shoppe.
   309 | D        | Found Xaekk's Magic Scroll Emporium.
   310 | D        | Found Yjirghor's Antique Armour Shoppe.
   310 | D        | Found Leathra's Antique Armour Emporium.
   311 | D        | Found Sywkoxu Xiqi's Book Shoppe.
   311 | D        | Found Mofae's Antique Armour Emporium.
   311 | D        | Noticed a shining eye
   312 | D        | Found Jaokis's Jewellery Shoppe.
   312 | D        | Found Sevvim's Distillery.
   314 | D        | Noticed Menkaure
   324 | D        | Slain by Menkaure

Illustrated notes

Levels and vault maps discovered:
D:        the_violet_keep_of_menkaure [sprint2_stairs_cluster_1,
          sprint2_shoproom, sprint2_temple, sprint2_basic_supplies,
          sprint2_obstacle_1, sprint2_obstacle_2, sprint2_obstacle_7,
          sprint2_obstacle_4, sprint2_obstacle_6, sprint2_timed_cluster_1,
          sprint2_smallroom_cluster_1, sprint2_smallroom_final_cluster_1,
          sprint2_transparent_cluster_1, sprint2_second_timed_cluster_1,
          sprint2_sniper_area_1, sprint2_heavy_combat_area_1,
          sprint2_mutation_trap_area_1, sprint2_forest_area_1,
          sprint2_light_combat_area_1, sprint2_behind_water_1,
          sprint2_near_end_vault_1]

Skill      XL: |  1  2  3 |
---------------+----------+-----
Long Blades    | 3 4 6 |  6.1
Dodging        | 4 5 6 |  6.3
Fighting       | 3 |  3.6
Throwing       | 2 |  2.2
Armour         | 1 |  1.6

Action                     |  1- 3 |  4- 6 || total
---------------------------+-------+-------++-------
  Melee: Long sword        |    40 |     7 ||    47
         Punch             |     1 |       ||     1
    Use: Potion            |     1 |       ||     1
 Armour: Leather armour    |    21 |       ||    21
         Scale mail        |       |     2 ||     2
  Dodge: Dodged            |    21 |     3 ||    24

Table legend: (Time is in decaauts)
 A = Elapsed time spent in this place.
 B = Non-inter-level travel time spent in this place.
 C = Inter-level travel time spent in this place.
 D = Time resting spent in this place.
 E = Time spent auto-exploring this place.
 F = Levels seen in this place.
 G = Mean time per level.
                   A        B        C        D        E       F      G
               +--------+--------+--------+--------+--------+-----+--------+
         Total |    332 |    332 |      0 |    154 |      0 |   1 |  332.0 |
       Dungeon |    332 |    332 |      0 |    154 |      0 |   1 |  332.0 |
               +--------+--------+--------+--------+--------+-----+--------+

Top non-repeatable levels by time:
       D: 332 daAuts
